AoeStats
← hightower_208

Arena

508648240Analyzed
2v2 RM · 8d ago on Sep 23, 2026· 44m 23s· 4 players
Game mode
Random Map
Map size
Medium (4 player)
Population
200
Speed
Normal
Resources
Standard
Victory
Conquest
Starting age
Dark Age
Ending age
Imperial Age
RankedLock teamsTeams togetherTeam positionsShared explorationLock speedFull tech treeHidden civsTurbo modeCheats
Victory
Defeat
🇳🇱 Saxons · Netherlands
1602
+20
🇩🇪 Burgundians · Germany
1525
+23
🇩🇪 Bohemians · Germany
1706
-22
🇩🇪 Danes · Germany
1676
-21
i8tc4brekky
9:37 Feudal Age
10:51 Loom
13:58 Castle Age
12:23 Double-Bit Axe
15:46 Bow Saw
16:47 Fletching
16:54 Horse Collar
19:59 Bodkin Arrow
29:31 Ballistics
37:10 Wheelbarrow
37:00 Scale Mail Armor
37:10 Forging
40:54 Squires
40:50 Gold Mining
42:00 Heavy Plow
42:37 Chain Mail Armor
43:17 Iron Casting
42:49 Treadmill Crane
44:29 Hand Cart
Baron von Kissalot
3:27 Double-Bit Axe
10:22 Feudal Age
14:05 Castle Age
12:59 Bow Saw
12:43 Horse Collar
16:57 Light Cavalry
20:34 Wheelbarrow
20:13 Husbandry
23:17 Cavalier
24:29 Scale Barding Armor
24:14 Loom
26:16 Forging
26:43 Heavy Plow
27:50 Hand Cart
29:53 Gold Mining
31:18 Chain Barding Armor
34:58 Imperial Age
32:58 Stone Mining
33:44 Gold Shaft Mining
34:04 Crop Rotation
34:51 Iron Casting
35:30 Devotion
35:03 Paladin
36:31 Plate Barding Armor
36:51 Town Watch
38:40 Stone Shaft Mining
38:07 Fletching
39:18 Blast Furnace
40:32 Bodkin Arrow
41:49 Chemistry
41:21 Bracer
42:15 Conscription
41:32 Hussar
42:54 Padded Archer Armor
44:39 Leather Archer Armor
hightower_208
10:20 Feudal Age
10:27 Feudal Age
14:02 Castle Age
12:28 Double-Bit Axe
12:54 Loom
15:17 Bow Saw
17:29 Chemistry
20:10 Padded Archer Armor
23:16 Wheelbarrow
28:35 Horse Collar
31:55 Hand Cart
36:31 Imperial Age
38:21 Two-Man Saw
42:20 Leather Archer Armor
Mjoelnir
10:47 Feudal Age
14:33 Castle Age
12:33 Double-Bit Axe
13:13 Horse Collar
15:36 Bow Saw
15:43 Forging
18:15 Scale Mail Armor
20:55 Wheelbarrow
21:57 Chain Mail Armor
22:50 Arson
25:12 Squires
33:04 Pikeman
34:21 Iron Casting
34:03 Heavy Plow
33:54 Gold Mining
33:59 Loom
39:36 Imperial Age
40:06 Elite Jomsviking
41:41 Plate Mail Armor
43:23 Blast Furnace
42:22 Halberdier
Connection lost

Rejoining the realm…

Still unreachable

The connection could not be restored.

Session expired

The server has moved on; the page needs a fresh start.